 Dungeon Crawl Stone Soup version 0.28-a0-401-ge240ad9e29 (webtiles) character file.

Game seed: 1299282400110424628

207 Sabo the Chopper (level 5, -1/39 HPs)
             Began as a Demonspawn Gladiator on Sept 4, 2021.
             Was an Initiate of Ashenzari.
             Slain by Blork the orc (12 damage)
             ... on level 4 of the Dungeon.
             The game lasted 00:14:40 (4053 turns).

Sabo the Chopper (Demonspawn Gladiator)             Turns: 4053, Time: 00:14:40

Health: -1/39      AC: 12    Str: 16      XL:     5   Next: 54%
Magic:  5/5        EV:  7    Int:  9      God:    Ashenzari [......]
Gold:   195        SH:  0    Dex: 11 (14) Spells: 4/4 levels left

rFire   . . .      SeeInvis .   g - +2 falchion (drain)
rCold   . . .      Faith    .   (no shield)
rNeg    . . .      Spirit   .   l - +0 chain mail
rPois   .          Reflect  .   c - +0 helmet
rElec   .          Harm     .   (no cloak)
rCorr   .          Rampage  .   (no gloves)
Will    .....                   (no boots)
Stlth   ..........              (no amulet)
HPRegen 0.13/turn               (no ring)
MPRegen 0.09/turn               (no ring)

@: no status effects
A: claws 1, yellow scales 2
a: Renounce Religion, Curse Item


You were on level 4 of the Dungeon.
You worshipped Ashenzari.
Ashenzari was noncommittal.
You visited 1 branch of the dungeon, and saw 4 of its levels.

You collected 195 gold pieces.

Inventory:

Hand Weapons
 a - a +0 war axe
 g - a +2 falchion of draining (weapon)
Missiles
 d - 3 throwing nets (quivered)
 i - 63 sling bullets
 j - 37 poisoned darts
 k - 20 arrows
Armour
 c - a +0 helmet (worn)
 l - a +0 chain mail (worn)
Scrolls
 e - a scroll of identify
 h - a scroll of blinking
 m - 3 scrolls of teleportation
Potions
 b - a potion of flight
 f - 2 potions of berserk rage
 n - 2 potions of brilliance


   Skills:
 + Level 2.6 Fighting
 + Level 4.7 Axes
 + Level 1.8 Throwing
 + Level 1.4 Armour
 + Level 3.3 Dodging
 + Level 0.2 Stealth


You had 4 spell levels left.
You didn't know any spells.
Your spell library contained the following spells:

 Spells                   Type           Power      Damage    Failure   Level
 Magic Dart               Conj           0%         1d3       100%        1
 Call Imp                 Summ           0%         N/A       100%        2
 Mephitic Cloud           Conj/Pois/Air  0%         N/A       100%        3


Dungeon Overview and Level Annotations

Branches:
Dungeon (4/15)
 Temple: D:4-7

Altars:
Ashenzari
Nemelex Xobeh
Xom

Shops:
D:2 *

Annotations:
D:4 Blork the orc


Innate Abilities, Weirdness & Mutations

You have sharp fingernails.
You are mostly covered in yellow scales. (AC +3)


Message History

The white imp is heavily wounded.
The white imp hits you but does no damage.
You barely miss the white imp.
The white imp is heavily wounded.
The white imp gestures at you. The puff of frost hits you!
The white imp hits you but does no damage.
You slash the white imp!
You kill the white imp!
The white imp disappears in a puff of smoke!
You start resting.
HP restored.
Found a stone staircase leading up.
Blork the orc comes into view.
He is wielding a +0 glaive.
Blork the orc shouts!
Blork the orc casts a cantrip, but nothing happens.
Blork the orc looks satisfied for a moment.
Blork the orc gestures at you while chanting.
The magic dart hits you but does no damage.
Found a +0 plate armour.
Blork the orc gestures at you while chanting.
The magic dart hits you.
Blork the orc hits you from afar with a +0 glaive!
Blork the orc gestures at you while chanting.
The puff of frost misses you.
You barely miss Blork the orc.
Blork the orc hits you with a +0 glaive!
You hit Blork the orc.
Blork the orc is lightly wounded.
Blork the orc points at you and mumbles some strange words.
The puff of frost hits you.
Blork the orc hits you but does no damage.
You slash Blork the orc!
Blork the orc is moderately wounded.
Blork the orc hits you with a +0 glaive.
* * * LOW HITPOINT WARNING * * *
You slash Blork the orc!
Blork the orc is heavily wounded.
Blork the orc hits you with a +0 glaive!
You die...

#.# . ## #.# #.#<#+#.#
........# #########
........#########........
.###.....................
.'.......#######.........
.###...#.# #.........
#...#@# ####.........
#...#o# #.....#####'#
.....+.# #.....# #.#
..#...### #.?...#####.#
...#... #.........#.# .[
#### #!........(.#
#............
######.....## #.....#


You could see Blork the orc.

Vanquished Creatures
  A hound (D:4)
  An orc priest (D:3)
  Jessica (D:3)
  3 adders
  A white imp (D:4)
  A dart slug (D:2)
  13 orcs (D:3)
  4 bats
  7 endoplasms
  5 giant cockroaches
  8 hobgoblins
  2 jackals (D:3)
  5 kobolds
  6 quokkas
  3 ball pythons
  6 frilled lizards
  4 rats
71 creatures vanquished.

Notes
Turn   | Place    | Note
-------+----------+-------------------------------------------
     0 | D:1      | Sabo the Demonspawn Gladiator began the quest for the Orb.
     0 | D:1      | Reached XP level 1. HP: 16/16 MP: 1/1
   244 | D:1      | Reached skill level 3 in Axes
   244 | D:1      | Gained mutation: You are partially covered in yellow
                  | scales. (AC +2) [demonic ancestry]
   244 | D:1      | Reached XP level 2. HP: 7/22 MP: 2/2
   940 | D:2      | Gained mutation: You have sharp fingernails. [demonic
                  | ancestry]
   940 | D:2      | Reached XP level 3. HP: 24/27 MP: 3/3
  1085 | D:2      | Found a faded altar of an unknown god.
  1092 | D:2      | Became a worshipper of Xom of Chaos
  1144 | D:2      | Found Ipneid's General Store.
  1218 | D:2      | XOM: 1-stop teleportation journey
  1280 | D:2      | XOM: noise
  1517 | D:2      | Found a shimmering altar of Xom.
  1887 | D:3      | XOM: butterfly on damage
  1899 | D:3      | Reached skill level 4 in Axes
  1899 | D:3      | Gained mutation: You are mostly covered in yellow scales.
                  | (AC +3) [demonic ancestry]
  1899 | D:3      | Reached XP level 4. HP: 6/34 MP: 4/4
  2234 | D:3      | XOM: silly message
  2263 | D:3      | Reached skill level 1 in Armour
  2282 | D:3      | Found a broken altar of Ashenzari.
  2337 | D:3      | Noticed Jessica
  2339 | D:3      | XOM: butterfly on damage
  2354 | D:3      | Killed Jessica
  2355 | D:3      | Reached XP level 5. HP: 22/39 MP: 5/5
  2576 | D:3      | Fell from the grace of Xom
  2581 | D:3      | Became a worshipper of Ashenzari the Shackled
  2694 | D:3      | Found a sparkling altar of Nemelex Xobeh.
  3577 | D:3      | XOM: stat loss: -3 Dex (11/14)
  3867 | D:4      | XOM: summons 1 hostile demon
  4043 | D:4      | Noticed Blork the orc
  4053 | D:4      | Slain by Blork the orc

Illustrated notes

Levels and vault maps discovered:
D:1:      sevenhm_arrival_forest_fort_small_6, layout_rooms
D:2:      layout_loops_cross, basic_altar, serial_shops, shop,
          dilly_ecumenical_altar_fadedgnrine
D:3:      layout_loops_ring, nemelex_diamond_rough_becter,
          lemuel_coloured_pillars_altar, uniq_jessica
D:4:      layout_basic, general_overflow_altar, uniq_blork_the_orc

Skill      XL: |  1  2  3  4 |
---------------+-------------+-----
Axes           | 3 4 |  4.7
Dodging        | 3 |  3.3
Armour         | 1 |  1.4
Fighting       | |  2.6
Throwing       | |  1.8
Stealth        | |  0.2

Action                   |  1- 3 |  4- 6 || total
-------------------------+-------+-------++-------
Melee: War axe           |   124 |    49 ||   173
       Falchion          |       |    61 ||    61
Throw: Throwing net      |       |     1 ||     1
Invok: Renounce Religion |       |     1 ||     1
  Use: Scroll            |     4 |       ||     4
Armor: Leather armour    |    15 |       ||    15
       Scale mail        |    36 |     7 ||    43
       Chain mail        |       |    72 ||    72
Dodge: Dodged            |    92 |    48 ||   140

Table legend: (Time is in decaauts)
 A = Elapsed time spent in this place.
 B = Non-inter-level travel time spent in this place.
 C = Inter-level travel time spent in this place.
 D = Time resting spent in this place.
 E = Time spent auto-exploring this place.
 F = Levels seen in this place.
 G = Mean time per level.
                   A        B        C        D        E       F      G
               +--------+--------+--------+--------+--------+-----+--------+
         Total |   4125 |   4125 |      0 |   1361 |      0 |   4 | 1031.2 |
       Dungeon |   4125 |   4125 |      0 |   1361 |      0 |   4 | 1031.2 |
               +--------+--------+--------+--------+--------+-----+--------+

Top non-repeatable levels by time:
     D:3: 1928 daAuts
     D:2: 988 daAuts
     D:1: 935 daAuts
     D:4: 274 daAuts
